 Dungeon Crawl Stone Soup version 0.28.0-53-g5a82cb258f (webtiles) character file.

Game seed: 17494120955166306063

45 styxcanada the Sneak (level 3, 0/18 HPs)
             Began as a Spriggan Brigand on Aug 13, 2022.
             Succumbed to an adder's poison
             ... on level 2 of the Dungeon.
             The game lasted 00:03:55 (1091 turns).

styxcanada the Sneak (Spriggan Brigand)             Turns: 1091, Time: 00:03:56

Health: 0/18       AC:  3    Str:  7    XL:     3   Next: 42%
Magic:  4/4        EV: 17    Int: 12    God:
Gold:   28         SH:  0    Dex: 18    Spells: 2/2 levels left

rFire   . . .      SeeInvis +   a - +2 dagger
rCold   + . .      Faith    .   (no shield)
rNeg    . . .      Spirit   .   b - +0 robe
rPois   .          Reflect  .   (helmet restricted)
rElec   .          Harm     .   c - +0 cloak
rCorr   .          Rampage  .   (gloves unavailable)
Will    .....                   (boots unavailable)
Stlth   ++++......              (no amulet)
HPRegen 0.06/turn               l - ring of protection from cold
MPRegen 0.09/turn               (no ring)

@: lethally poisoned (0 -> -3), very quick
A: very small, no large weapons, unfitting armour, see invisible, speed 3
a: no special abilities


You were on level 2 of the Dungeon.
You visited 1 branch of the dungeon, and saw 2 of its levels.

You collected 28 gold pieces.

Inventory:

Hand Weapons
 a - a +2 dagger (weapon)
Missiles
 d - 8 poisoned darts
 e - 2 curare-tipped darts (quivered)
 g - 44 stones
 k - 29 sling bullets
Armour
 b - a +0 robe (worn)
 c - a +0 cloak (worn)
Jewellery
 h - a ring of ice
 l - a ring of protection from cold (left hand)
Scrolls
 j - a scroll of teleportation {unknown}
Potions
 f - a potion of cancellation {unknown}
 i - a potion of ambrosia {unknown}


   Skills:
 * Level 2.0 Fighting
 + Level 2.3 Short Blades
 + Level 2.1 Throwing
 * Level 2.3 Dodging
 * Level 6.9 Stealth


You had 2 spell levels left.
You didn't know any spells.
Your spell library was empty.

Dungeon Overview and Level Annotations

Branches:
Dungeon (2/15)

Altars:


Innate Abilities, Weirdness & Mutations

You are very small and have problems with some larger weapons.
You are too small for most types of armour.
You have supernaturally acute eyesight. (SInv)
You cover ground extremely quickly. (Speed+++)


Message History

You closely miss the adder. The adder misses you.
You miss the adder. The adder misses you.
You barely miss the adder. The adder misses you.
You closely miss the adder. The adder bites you.
You are poisoned.
The adder poisons you!
You miss the adder.
You feel sick. The adder barely misses you. x2
You hit the adder but do no damage.
You feel sick. The adder completely misses you.
You hit the adder.
The adder is lightly wounded.
You feel sick. The adder misses you.
You hit the adder.
The adder is lightly wounded.
You feel sick. The adder closely misses you.
You hit the adder but do no damage.
The adder is lightly wounded.
You feel sick.
You are no longer poisoned.
The adder misses you.
You hit the adder.
The adder is moderately wounded.
The adder bites you but does no damage.
You hit the adder but do no damage.
The adder is moderately wounded.
The adder bites you.
* * * LOW HITPOINT WARNING * * *
You are lethally poisoned!
The adder poisons you!
You hit the adder.
The adder is severely wounded.
* * * LOW HITPOINT WARNING * * *
You feel sick. The adder barely misses you.
The adder bites you but does no damage.
You hit the adder.
The adder is almost dead.
The adder bites you but does no damage.
* * * LOW HITPOINT WARNING * * *
You feel sick.
You die...

#...............#
#.
#?..............#
#.
#.......$.......#
#.
#...............#
#.
#...............#
#.
#......###.#+####
#. ##..........#
#. #......######.
#...S.@.......
#...####..####
#..# .## ##. # #


You could see an adder.

Vanquished Creatures
  An adder (D:2)
  A worm (D:2)
  4 bats (D:1)
  2 endoplasms (D:1)
  2 giant cockroaches
  4 goblins (D:1)
  4 hobgoblins (D:1)
  4 kobolds
  2 quokkas (D:1)
  A frilled lizard (D:1)
  3 rats (D:1)
28 creatures vanquished.

Notes
Turn   | Place    | Note
-------+----------+-------------------------------------------
     0 | D:1      | styxcanada the Spriggan Brigand began the quest for the
                  | Orb.
     0 | D:1      | Reached XP level 1. HP: 10/10 MP: 2/2
    67 | D:1      | Reached skill level 6 in Stealth
   124 | D:1      | Reached XP level 2. HP: 14/15 MP: 3/3
   327 | D:1      | Found a faded altar of an unknown god.
   644 | D:1      | Reached XP level 3. HP: 18/18 MP: 4/4
  1091 | D:2      | Succumbed to an adder's poison

Illustrated notes

Levels and vault maps discovered:
D:1:      dpeg_arrival_round_b, layout_loops_ring,
          shapermc_ecumenical_altar_totnotflames
D:2:      layout_basic, minmay_crystal_water, minmay_pentomino_q2

Skill      XL: |  1  2  3 |
---------------+----------+-----
Stealth        | 6 |  6.9
Dodging        | 2 |  2.3
Fighting       | 2 |  2.0
Short Blades   | |  2.3
Throwing       | |  2.1

Action                   || total
-------------------------++-------
Melee: Dagger            ||    87
       Punch             ||     3
Throw: Dart              ||    16
 Stab: Sleeping          ||    12
Armor: Robe              ||    13
Dodge: Dodged            ||    51
